 Dungeon Crawl Stone Soup version 0.23.1-37-gaa34b87 (webtiles) character file.

Game seed: 10170963872973501920

11148 nuthulu the Geomancer (level 11, -1/71 HPs)
             Began as a Gargoyle Earth Elementalist on Mar 27, 2019.
             Was a Priest of Vehumet.
             Slain by a two-headed ogre
             ... wielding a +0 giant club
              (18 damage)
             ... on level 10 of the Dungeon.
             The game lasted 00:37:03 (14567 turns).

nuthulu the Geomancer (GrEE)                       Turns: 14567, Time: 00:37:04

Health: -1/71      AC: 17    Str: 13    XL:     11   Next: 73%
Magic:  25/25      EV: 12    Int: 18    God:    Vehumet [***...]
Gold:   668        SH:  0    Dex: 10    Spells: 15/31 levels left

rFire    + . .     SeeInvis .   w - +9 mace of Bread {crush, rC+}
rCold    + + .     Gourm    .   (no shield)
rNeg     + . .     Faith    .   y - +2 robe {rF+}
rPois    ∞         Spirit   .   s - +2 helmet
rElec    +         Reflect  .   K - +1 cloak {+Inv}
rCorr    .         Harm     .   (no gloves)
MR       +....                  (no boots)
Stlth    ++........             (no amulet)
HPRegen  0.21/turn              i - ring of protection from cold
MPRegen  0.19/turn              C - ring of protection from magic

@: no status effects
A: negative energy resistance 1, electricity resistance, unbreathing,
petrification resistance, rot immunity, AC +8
a: Renounce Religion, Evoke Invisibility


You were on level 10 of the Dungeon.
You worshipped Vehumet.
Vehumet was most pleased with you.
You were not hungry.

You visited 2 branches of the dungeon, and saw 11 of its levels.
You also visited: Sewer.

You collected 668 gold pieces.

Inventory:

Hand Weapons
 e - a +1 mace
 q - a +1 flail
 w - the +9 mace of Bread (weapon) {crush, rC+}
   (You found it on level 4 of the Dungeon)

   It inflicts extra damage upon your enemies.
   It protects you from cold.
Missiles
 b - 16 stones (quivered)
Armour
 s - a +2 helmet (worn)
 y - a +2 robe of fire resistance (worn)
 K - a +1 cloak of invisibility (worn)
Jewellery
 i - a ring of protection from cold (left hand)
 u - an uncursed ring of stealth
 C - a ring of protection from magic (right hand)
 I - an uncursed ring of positive energy
Wands
 c - a wand of flame (11)
 A - a wand of clouds (4)
 B - a wand of disintegration (11)
 G - a wand of digging (10)
Scrolls
 m - 5 scrolls of amnesia
 n - 6 scrolls of remove curse
 v - 5 scrolls of teleportation
 x - 3 scrolls of blinking
 D - a scroll of fog
 E - 2 scrolls of enchant weapon
 F - a scroll of identify
Potions
 a - 2 potions of resistance
 f - 2 potions of flight
 g - 4 potions of mutation
 h - 4 potions of brilliance
 j - a potion of agility
 k - 8 potions of curing
 l - 2 potions of heal wounds
 o - a potion of might
 p - a potion of magic
 r - 3 potions of cancellation
 t - a potion of invisibility
 z - 4 potions of lignification
Comestibles
 d - 19 rations
 J - a chunk of flesh


   Skills:
 - Level 9.6 Fighting
 + Level 1.9 Maces & Flails
 - Level 1.5 Dodging
 - Level 2.1 Stealth
 + Level 10.7 Spellcasting
 - Level 3.3 Conjurations
 - Level 0.7 Transmutations
 + Level 1.9 Fire Magic
 - Level 12.4 Earth Magic


You had 15 spell levels left.
You knew the following spells:

 Your Spells              Type           Power        Failure   Level  Hunger
a - Sandblast             Erth           ######       1%          1    None
b - Stone Arrow           Conj/Erth      #####.       1%          3    None
c - Lee's Rapid Deconstr  Erth           ######....   1%          5    #####..
d - Passwall              Tmut/Erth      ####....     1%          2    None
e - Throw Flame           Conj/Fire      ###...       1%          2    None
f - Mephitic Cloud        Conj/Pois/Air  ##......     4%          3    None

Your spell library contained the following spells:

 Spells                   Type           Power        Failure   Level  Hunger
 Magic Dart               Conj           ###.         1%          1    None
 Conjure Flame            Conj/Fire      ###.....     2%          3    None
 Petrify                  Tmut/Erth      ####....     4%          4    ##.....
 Blink                    Tloc           N/A          11%         2    None
 Call Imp                 Summ           #.......     11%         2    None
 Slow                     Hex            #.......     11%         2    None


Dungeon Overview and Level Annotations

Branches:
Dungeon (10/15)            Temple (1/1) D:7            Lair (0/6) D:10
    Orc (0/2) D:10

Altars:
Cheibriados
Dithmenos
Elyvilon
Fedhas
Gozag
Hepliaklqana
Kikubaaqudgha
Makhleb
Nemelex Xobeh
Okawaru
Qazlal
Ru
Sif Muna
Trog
Uskayaw
Vehumet
Wu Jian
Xom
Yredelemnul
Zin
The Shining One

Shops:
D:6 (   D:8 [


Innate Abilities, Weirdness & Mutations

You are resistant to torment.
Your stone body is resilient. (AC +8)
You are immune to poison.
You resist negative energy. (rN+)
You are resistant to electric shocks. (rElec)
You can survive without breathing.
You are immune to petrification.
You are immune to rotting.


Message History

Aim: a two-headed ogre, wielding a +0 giant club and a +0 giant spiked club (severely wounded)
The stone arrow hits the two-headed ogre!
The two-headed ogre is almost dead.
The two-headed ogre hits you with a +0 giant club!
* * * LOW HITPOINT WARNING * * *
The two-headed ogre hits you with a +0 giant spiked club.
* * * LOW HITPOINT WARNING * * *
Casting: Stone Arrow (safe; 1% risk of failure)
Confirm with . or Enter, or press ? or * to list all spells.
You don't have enough magic to cast that spell.
Unknown command.
Casting: Stone Arrow (safe; 1% risk of failure)
Confirm with . or Enter, or press ? or * to list all spells.
You don't have enough magic to cast that spell.
Unknown command.
The hell rat barely misses you. Magic courses through your body.
The hell rat bites you but does no damage.
The two-headed ogre hits you with a +0 giant club!!
You die...

.... #....# ... ##....#
#.. #.....# #..##
#...... #...# #.###..
##...### ### ###
#....†.# # #..####O# #
.... ##@# ...
##r.######### ..
.##...........# .
...............###
#.................######
##......................
##.........†...##.....#
##............###...##
##.............#...#


You could see a two-headed ogre and a hell rat.

Vanquished Creatures
  Erica (D:9)
  3 skeletal warriors (D:7)
  An unseen horror (D:10)
  Pikel (D:6)
  Maurice (D:10)
  2 hippogriffs
  A spriggan (D:7)
  6 yaks
  2 hungry ghosts
  Eustachio (D:3)
  Menkaure (D:7)
  Edmund (D:4)
  A water moccasin (D:10)
  Duvessa (D:3)
  A porcupine (D:10)
  2 phantoms
  A slave (D:6)
  5 ice beasts
  An orc warrior (D:10)
  3 sky beasts
  2 necrophages (D:9)
  2 black bears (D:8)
  A crocodile (D:7)
  5 ogres
  3 centaurs
  3 big kobolds
  Blork the orc (D:4)
  8 bullfrogs
  A wyvern zombie (D:10)
  Dowan (D:4)
  A scorpion (D:7)
  6 killer bees (D:9)
  4 wights
  6 howler monkeys
  4 crimson imps
  A centaur zombie (D:8)
  2 quasits
  8 hounds
  4 jellies
  A centaur skeleton (D:7)
  3 orc priests
  An iron imp (D:6)
  8 orc wizards
  3 worker ants
  An iguana (D:10)
  A killer bee zombie (D:8)
  A hound zombie (D:10)
  3 hound skeletons
  2 worker ant zombies
  7 gnolls
  A howler monkey skeleton (D:10)
  14 adders
  7 river rats
  A shadow imp (D:7)
  An adder skeleton (D:9)
  An adder zombie (D:9)
  3 worms
  2 dart slugs
  7 leopard geckos
  35 orcs
  7 ball pythons
  15 giant cockroaches
  6 hobgoblins
  13 jackals
  6 quokkas
  4 bats
  4 frilled lizards
  13 goblins
  2 goblin skeletons (D:6)
  A goblin zombie (D:6)
  3 hobgoblin zombies (D:6)
  25 kobolds
  A kobold skeleton (D:6)
  A kobold zombie (D:6)
  An orc zombie (D:6)
  37 rats
341 creatures vanquished.

Vanquished Creatures (others)
  A worker ant (D:6)
  A quokka (D:6)
2 creatures vanquished.

Grand Total: 343 creatures vanquished

Notes
Turn   | Place    | Note
-------+----------+-------------------------------------------
     0 | D:1      | nuthulu the Gargoyle Earth Elementalist began the quest for
                  | the Orb.
     0 | D:1      | Reached XP level 1. HP: 10/10 MP: 3/3
   149 | D:1      | Reached skill level 4 in Earth Magic
   149 | D:1      | Reached XP level 2. HP: 15/15 MP: 3/5
   438 | D:1      | Reached XP level 3. HP: 19/19 MP: 3/6
   636 | D:1      | Learned a level 3 spell: Stone Arrow
  1177 | D:2      | Found a sparkling altar of Nemelex Xobeh.
  1179 | D:2      | Found a sacrificial altar of Ru.
  1179 | D:2      | Found an iron altar of Okawaru.
  1182 | D:2      | Found a stormy altar of Qazlal.
  1667 | D:2      | Reached XP level 4. HP: 15/24 MP: 8/8
  1880 | D:2      | Reached skill level 1 in Conjurations
  2198 | D:2      | Found a bloodstained altar of Trog.
  2301 | D:2      | Reached skill level 5 in Earth Magic
  2309 | D:2      | Found an iron altar of Okawaru.
  2521 | D:2      | Found a shadowy altar of Dithmenos.
  2671 | D:3      | Reached XP level 5. HP: 28/28 MP: 5/9
  2823 | D:3      | Found a glowing drain.
  2829 | Sewer    | Entered a sewer
  3819 | Sewer    | Reached XP level 6. HP: 25/32 MP: 7/11
  3930 | Sewer    | Reached skill level 6 in Earth Magic
  4729 | D:3      | Reached XP level 7. HP: 35/36 MP: 7/13
  4744 | D:3      | Learned a level 5 spell: Lee's Rapid Deconstruction
  4803 | D:3      | Found a hide-covered altar of Uskayaw.
  5305 | D:4      | Noticed Dowan
  5314 | D:4      | Noticed Eustachio
  5361 | D:3      | Killed Eustachio
  5539 | D:4      | Killed Dowan
  5539 | D:4      | Reached skill level 7 in Earth Magic
  5539 | D:4      | Noticed Duvessa
  5570 | D:3      | Killed Duvessa
  5570 | D:3      | Reached skill level 5 in Spellcasting
  5822 | D:4      | Got a slimy mace
  5835 | D:4      | Identified the +9 mace of Bread {crush, rC+} (You found it
                  | on level 4 of the Dungeon)
  5899 | D:4      | Found a shimmering altar of Xom.
  5902 | D:4      | Found a hide-covered altar of Uskayaw.
  5902 | D:4      | Found a hazy altar of Hepliaklqana.
  5904 | D:4      | Found a stormy altar of Qazlal.
  5904 | D:4      | Found a bloodstained altar of Trog.
  5904 | D:4      | Found a shadowy altar of Dithmenos.
  6058 | D:4      | HP: 1/36 [gnoll/+0 spear (6)]
  6286 | D:4      | Noticed Edmund
  6298 | D:4      | Killed Edmund
  6298 | D:4      | Reached XP level 8. HP: 29/41 MP: 7/16
  6431 | D:4      | Found an opulent altar of Gozag.
  6431 | D:4      | Noticed Blork the orc
  6436 | D:4      | Reached skill level 8 in Earth Magic
  6442 | D:4      | Killed Blork the orc
  6900 | D:5      | Entered Level 5 of the Dungeon
  7094 | D:4      | Reached skill level 9 in Earth Magic
  7626 | D:6      | Reached skill level 1 in Fighting
  7712 | D:6      | Found a glowing golden altar of the Shining One.
  7757 | D:6      | Noticed Pikel
  7779 | D:6      | Killed Pikel
  7779 | D:6      | Reached XP level 9. HP: 48/52 MP: 8/20
  7961 | D:6      | Found Seushrin's Antique Weapon Boutique.
  8451 | D:7      | Found a staircase to the Ecumenical Temple.
  8466 | Temple   | Entered the Ecumenical Temple
  8502 | Temple   | Became a worshipper of Vehumet
  8712 | D:7      | Reached skill level 5 in Fighting
  9156 | D:7      | Learned a level 2 spell: Passwall
  9157 | D:7      | Noticed Menkaure
  9164 | D:7      | Killed Menkaure
  9322 | D:7      | Reached skill level 10 in Earth Magic
  9322 | D:7      | Reached XP level 10. HP: 60/60 MP: 18/22
  9436 | D:8      | Noticed a skeletal warrior
  9436 | D:8      | Noticed a skeletal warrior
  9436 | D:8      | Noticed a skeletal warrior
  9480 | D:7      | Killed a skeletal warrior
  9859 | D:7      | Killed a skeletal warrior
 10146 | D:7      | Killed a skeletal warrior
 10146 | D:7      | Reached skill level 11 in Earth Magic
 10396 | D:8      | Reached * piety under Vehumet
 10396 | D:8      | Offered knowledge of Flame Tongue by Vehumet.
 10704 | D:8      | Found Gosim's Antique Armour Boutique.
 10854 | D:9      | Reached XP level 11. HP: 69/69 MP: 22/24
 11081 | D:9      | Reached ** piety under Vehumet
 11105 | D:9      | Offered knowledge of Throw Frost by Vehumet.
 11150 | D:9      | Reached skill level 10 in Spellcasting
 11324 | D:9      | Found a hazy altar of Hepliaklqana.
 11440 | D:9      | Noticed Erica
 11443 | D:9      | Killed Erica
 11444 | D:9      | Reached skill level 12 in Earth Magic
 11770 | D:9      | Found an ornate altar of the Wu Jian Council.
 12157 | D:10     | Entered Level 10 of the Dungeon
 12440 | D:10     | Killed an unseen horror
 12510 | D:10     | Offered knowledge of Throw Flame by Vehumet.
 12516 | D:10     | Learned a level 2 spell: Throw Flame
 12584 | D:9      | Reached *** piety under Vehumet
 13610 | D:10     | Learned a level 3 spell: Mephitic Cloud
 13775 | D:10     | Found a staircase to the Orcish Mines.
 13799 | D:10     | Noticed Maurice
 13807 | D:10     | Killed Maurice
 13807 | D:10     | Reached skill level 1 in Maces & Flails
 13807 | D:10     | Reached skill level 1 in Fire Magic
 13807 | D:10     | Noticed a death yak
 14274 | D:10     | Found a staircase to the Lair.
 14276 | D:10     | Noticed a death yak
 14276 | D:10     | Noticed a death yak
 14551 | D:10     | Noticed a two-headed ogre
 14567 | D:10     | Slain by a two-headed ogre

Skill      XL: |  1  2  3  4  5  6  7  8  9 10 11 |
---------------+----------------------------------+-----
Earth Magic    | 4 5 6 7 9 10 11 12 | 12.4
Spellcasting   | 3 4 5 7 8 9 10 | 10.7
Conjurations   | 1 2 3 |  3.3
Fighting       | 4 6 8 9 |  9.6
Maces & Flails | 1 |  1.9
Fire Magic     | 1 |  1.9
Dodging        | |  1.5
Stealth        | |  2.1
Transmutations | |  0.7

Action                   |  1- 3 |  4- 6 |  7- 9 | 10-12 || total
-------------------------+-------+-------+-------+-------++-------
Melee: Mace              |    29 |   183 |    72 |   150 ||   434
       Flail             |       |       |    26 |       ||    26
 Cast: Sandblast         |    44 |    60 |   143 |    87 ||   334
       Stone Arrow       |       |     6 |       |    56 ||    62
       Lee's Rapid Decon |       |       |     2 |    20 ||    22
       Passwall          |       |       |       |     2 ||     2
       Mephitic Cloud    |       |       |       |     3 ||     3
  Use: Scroll            |     3 |     5 |    18 |    10 ||    36
       Potion            |       |       |     4 |     4 ||     8
  Eat: Chunk             |     3 |     4 |     5 |     8 ||    20
       Ration            |       |     2 |     3 |     4 ||     9
Armor: Robe              |    25 |   109 |   124 |   163 ||   421
Dodge: Dodged            |    59 |   236 |   166 |   155 ||   616
